Map: At Eternity's Edge LE

Players

принцесса

  • Race: Terran Terran
  • League: Master
  • Spawn Location: 11:00

IlIIllIIIl - Winner!

  • Race: Zerg Zerg
  • League: Grandmaster
  • Spawn Location: 5:00

VOD

Have the link to the VOD?

Description

Time

  • Played on: June 29, 2026, 8:16 p.m.
  • Length: 10:46
Show
View Real Time Build Order
Export as new Build Order

принцесса Terran 

Build Orders: Reaper Expand 

Get SALT Encoding   

  8  0:00  SCV  
  9  0:12  SCV  
  10  0:24  SCV  
  10  0:28  Supply Depot  
  11  0:30  Supply Depot  
  11  0:36  SCV  
  12  0:48  SCV  
  13  0:57  Barracks  
  13  1:01  SCV  
  14  1:08  Refinery  
  14  1:13  SCV  
  15  1:25  SCV  
  16  1:38  SCV  
  17  1:49  Reaper  
  17  1:50  Orbital Command  
  18  2:10  Command Center  
  18  2:16  SCV  
  19  2:23  Supply Depot  
  19  2:24  Reaper  
  19  2:28  SCV  
  21  2:45  SCV  
  21  2:47  Factory  
  22  2:57  SCV  
  23  3:09  SCV, Barracks Reactor  
  24  3:21  SCV  
  24  3:22  Command Center  
  24  3:26  Orbital Command  
  25  3:33  SCV  
  26  3:35  Barracks  
  26  3:45  SCV  
  27  3:49  Hellion  
  27  3:50  Hellion  
  27  3:51  SCV  
  32  3:57  SCV  
  32  3:58  Refinery  
  33  4:03  SCV  
  33  4:09  SCV  
  35  4:10  Barracks Tech Lab  
  35  4:15  SCV  
  36  4:20  Supply Depot  
  36  4:21  SCV  
  36  4:23  Starport  
  37  4:27  SCV  
  37  4:28  Marine, Stimpack  
  37  4:31  Marine x2  
  39  4:33  SCV  
  39  4:38  Orbital Command  
  42  4:39  SCV  
  42  4:44  Factory Reactor  
  43  4:46  Marine  
  43  4:50  SCV, Bunker  
  43  4:51  SCV  
  46  4:53  Supply Depot  
  46  4:54  Marine x2  
  48  5:02  SCV  
  48  5:03  Supply Depot  
  48  5:04  SCV  
  48  5:05  Marine  
  51  5:12  SCV, Marine x2  
  52  5:16  Engineering Bay  
  52  5:17  Engineering Bay  
  52  5:19  SCV x2  
  54  5:23  Marine  
  54  5:27  Medivac x2  
  59  5:30  Marine x2, SCV  
  59  5:31  Supply Depot  
  59  5:33  Refinery  
  62  5:36  Refinery  
  62  5:40  SCV x2, Marine  
  65  5:43  Terran Infantry Weapons Level 1  
  65  5:45  Missile Turret  
  65  5:47  Missile Turret  
  65  5:48  Marine x2  
  67  5:52  Terran Infantry Armor Level 1  
  67  5:53  SCV x2  
  69  5:58  Marine  
  69  6:02  Orbital Command  
  68  6:09  Barracks  
  68  6:10  SCV x2  
  68  6:12  Barracks  
  68  6:15  Marine x2  
  68  6:16  Marine  
  71  6:22  Combat Shield  
  71  6:26  Barracks x2  
  71  6:27  Missile Turret  
  71  6:28  SCV x2  
  71  6:30  SCV  
  74  6:40  SCV x2  
  74  6:42  Marine x3, Missile Turret  
  74  6:44  Factory Reactor  
  74  6:46  Factory Tech Lab  
  79  6:47  Medivac  
  79  6:49  SCV  
  79  6:52  SCV  
  83  7:00  SCV  
  83  7:01  Marine x2  
  84  7:02  Barracks Reactor  
  84  7:03  Barracks Reactor  
  84  7:04  SCV  
  87  7:10  Supply Depot  
  87  7:11  Supply Depot  
  87  7:12  Barracks Reactor  
  87  7:14  Barracks Reactor  
  87  7:17  Armory  
  87  7:31  Marine x2, Medivac x2, SCV x2  
  87  7:32  Marine, SCV, Siege Tank  
  87  7:33  Supply Depot  
  87  7:35  Supply Depot  
  100  7:39  Marine x2  
  100  7:40  Marine  
  100  7:41  Supply Depot  
  100  7:42  Supply Depot  
  100  7:43  SCV x2  
  105  7:46  SCV, Marine  
  105  7:49  Marine  
  88  7:52  Marine x3  
  88  7:55  SCV  
  89  8:03  Orbital Command  
  89  8:04  Marine x4  
  76  8:07  Marine x2  
  76  8:12  Marine x2  
  77  8:15  Marine x2  
  76  8:21  Marine  
  76  8:22  Barracks  
  76  8:24  Barracks  
  77  8:37  Marine x11  
  77  8:40  Siege Tank  
  77  8:41  Raven  
  93  8:44  Supply Depot  
  93  8:45  Supply Depot  
  93  8:54  Marine  
  95  9:01  Marine x4  
  98  9:03  Marine  
  98  9:04  Marine  
  98  9:06  Marine  
  98  9:08  Marine  
  102  9:11  Marine x3  
  102  9:12  Marine  
  104  9:24  Marine  
  104  9:25  Marine x4  
  104  9:27  Widow Mine  
  104  9:28  Medivac  
  104  9:30  Marine x4  
  104  9:31  Marine x3  
  120  9:51  Marine  
  120  9:52  Marine x9  
  130  9:56  Supply Depot  
  130  10:04  Supply Depot  
  130  10:05  Supply Depot x2  
  130  10:17  Marine x4  
Show
View Real Time Build Order
Export as new Build Order

IlIIllIIIl Zerg - Winner!

Build Orders: Hatch First 

Get SALT Encoding   

  8  0:02  Drone  
  9  0:10  Drone  
  10  0:16  Drone  
  11  0:21  Drone  
  12  0:30  Extractor, Drone  
  13  0:38  Overlord  
  14  0:57  Drone x2  
  14  1:01  Drone  
  16  1:18  Hatchery  
  15  1:21  Drone  
  15  1:24  Drone  
  17  1:38  Spawning Pool  
  16  1:41  Drone  
  16  1:45  Extractor  
  16  1:47  Drone  
  16  1:51  Drone  
  18  1:57  Drone  
  19  2:12  Overlord  
  19  2:29  Zergling x2, Queen  
  22  2:30  Zergling x2, Queen  
  22  2:33  Drone  
  26  2:38  Drone  
  26  2:42  Drone  
  28  2:48  Extractor  
  27  2:51  Drone x2  
  30  2:58  Overlord  
  30  2:59  Metabolic Boost  
  28  3:18  Drone x3  
  28  3:19  Drone x2  
  33  3:22  Drone  
  33  3:24  Queen  
  36  3:34  Queen  
  38  3:46  Overlord x2  
  38  3:51  Drone  
  38  4:08  Drone x2  
  38  4:09  Drone x4  
  44  4:10  Lair  
  44  4:13  Extractor  
  44  4:16  Drone x4  
  47  4:19  Zergling x2  
  48  4:25  Zergling x2  
  49  4:33  Zergling x2  
  49  4:34  Zergling x2  
  51  4:44  Extractor x2  
  49  4:48  Drone x5  
  49  4:52  Baneling Nest  
  53  5:09  Drone x2  
  53  5:11  Drone  
  53  5:13  Overlord x3  
  53  5:14  Spire  
  55  5:25  Overlord x2  
  55  5:28  Hatchery  
  54  5:35  Centrifugal Hooks  
  54  5:36  Drone  
  54  5:37  Drone  
  54  5:38  Drone x2  
  54  5:42  Drone x4  
  62  6:03  Drone x4  
  62  6:04  Drone x2  
  68  6:12  Burrow  
  68  6:14  Evolution Chamber x2  
  66  6:26  Mutalisk x5  
  66  6:27  Mutalisk x2  
  66  6:30  Zerg Flyer Weapons Level 1  
  66  6:31  Drone  
  81  6:40  Baneling x6  
  81  6:41  Zergling x8  
  81  6:43  Zergling x2  
  85  7:04  Pneumatized Carapace  
  85  7:05  Mutalisk  
  85  7:07  Drone x4  
  85  7:08  Overlord x3  
  91  7:15  Zerg Ground Armor Level 1  
  91  7:23  Hatchery  
  91  7:24  Zerg Melee Weapons Level 1  
  91  7:27  Drone x3, Extractor  
  91  7:28  Extractor, Drone x2  
  91  7:29  Drone  
  94  7:30  Drone x3  
  94  7:31  Drone  
  96  7:52  Zergling x2  
  96  7:53  Zergling x20  
  103  8:10  Zergling x18  
  111  8:22  Infestation Pit  
  109  8:40  Drone x12  
  119  8:43  Overlord x3  
  119  8:49  Baneling x14  
  119  8:50  Baneling x10, Hatchery, Hydralisk Den  
  119  8:54  Drone x2  
  119  9:01  Overlord x5  
  119  9:06  Hive  
  119  9:24  Muscular Augments, Baneling x2  
  119  9:34  Zergling x2  
  119  9:35  Zergling x32  
  136  9:51  Hydralisk x9  
  152  9:57  Zergling x4  
  152  9:58  Zergling x2  
  155  10:10  Zergling x2  
  155  10:11  Zergling x12  
Tags
 
Add a new tag
Caveats
  • Supply blocks, unpowered buildings, or Contaminate may cause inaccurate times.
  • Supply counts are checked every 10 seconds.